 Dungeon Crawl Stone Soup version 0.31-a0-819-gf6de2f5ab6 (webtiles) character file.

Game seed: 11103868888866455286

82 qw the Shooter (level 4, -1/28 HPs)
             Began as a Gargoyle Hunter on Sept 23, 2023.
             Slain by a gnoll
             ... wielding a +0 halberd
              (3 damage)
             ... on level 2 of the Dungeon.
             The game lasted 00:00:29 (779 turns).

qw the Shooter (Gargoyle Hunter)                     Turns: 779, Time: 00:00:30

Health: -1/28      AC:  7    Str: 14    XL:     4   Next: 43%
Magic:  4/4        EV: 11    Int: 10    God:
Gold:   39         SH:  0    Dex: 15    Spells: 3/3 levels left

rFire   . . .        Y - +0 shortbow
rCold   . . .        (shield currently unavailable)
rNeg    + . .        c - +0 leather armour
rPois   inf          h - +0 helmet
rElec   +            (no cloak)
rCorr   .            (no gloves)
SInv    .            (no boots)
Will    .....        (no amulet)
Stlth   ++           (no ring)
HPRegen 0.24/turn    (no ring)
MPRegen 0.09/turn

%: no passive effects
@: no status effects
A: sickness immunity, AC +3, negative energy resistance 1, electricity
resistance, torment resistance 1, petrification resistance
a: no special abilities


You were on level 2 of the Dungeon.
You visited 1 branch of the dungeon, and saw 2 of its levels.

You collected 39 gold pieces.


Innate Abilities, Weirdness & Mutations

You are immune to sickness and miasma.
Your stone body is resilient. (AC +3)
You are immune to poison.
You resist negative energy. (rN+)
You are resistant to electric shocks. (rElec)
You are resistant to unholy torment.
You are immune to petrification.


   Skills:
 - Level 3.2 Fighting
 + Level 5.3 Ranged Weapons
 - Level 1.5 Dodging
 - Level 1.1 Stealth


You had 3 spell levels left.
You didn't know any spells.
Your spell library was empty.

Inventory:

Hand Weapons
 Y - a +0 shortbow (weapon)
Armour
 c - a +0 leather armour (worn)
 h - a +0 helmet (worn)
Scrolls
 a - a scroll of identify
 b - a scroll of amnesia {unknown}
Potions
 d - a potion of heal wounds {unknown}
 e - a potion of ambrosia {unknown}
 f - a potion of haste {unknown}
 g - a potion of curing {unknown}
 i - 2 potions of resistance {unknown}

Dungeon Overview and Level Annotations

Branches:
Dungeon (2/15)

Altars:

Shops:
D:1 *


Message History

You kill the gnoll!
A gnoll comes into view. It is wielding a +0 club.
You shoot an arrow. The gnoll shouts!
The arrow hits the gnoll.
The gnoll is lightly wounded.
You hear a shout!
You shoot an arrow. The arrow hits the gnoll.
The gnoll is moderately wounded.
A gnoll comes into view. It is wielding a +0 halberd.
You shoot an arrow. The gnoll shouts!
The arrow hits the gnoll.
The gnoll is severely wounded.
You shoot an arrow. The arrow closely misses the gnoll.
The arrow hits the gnoll but does no damage.
You shoot an arrow. The arrow hits the gnoll.
The gnoll is almost dead.
The gnoll hits you with a +0 club.
You shoot an arrow. The arrow hits the gnoll.
You kill the gnoll!
You shoot an arrow. The arrow closely misses the gnoll.
The gnoll hits you from afar with a +0 halberd.
You shoot an arrow. The arrow barely misses the gnoll.
The gnoll hits you from afar with a +0 halberd.
You shoot an arrow. The arrow closely misses the gnoll.
The gnoll closely misses you.
You shoot an arrow. The arrow barely misses the gnoll.
The gnoll hits you from afar with a +0 halberd!
You shoot an arrow. The arrow hits the gnoll.
The gnoll is heavily wounded.
The gnoll misses you.
You shoot an arrow. The arrow closely misses the gnoll.
The gnoll hits you from afar with a +0 halberd!
The gnoll hits you but does no damage.
You shoot an arrow.
The arrow hits the gnoll but does no damage.
The gnoll is heavily wounded.
The gnoll hits you from afar with a +0 halberd.
You die...

..........# #.........
########..# ##########
####..# ## #.....# #.
#)###.###### #. #####.
#....%.########.
#.....###%).............
#.......###.########.
#..#@#...# # #.
#..#)...#.# #### #.
#...g...##.. [.# #.
........###.# #.# #.
####..)#.##.####.####.
#...#.#............
................###
..... ...####.#.# #.#.#


You could see a gnoll.

Vanquished Creatures
  3 gnolls (D:2)
  2 adders
  2 dart slugs
  An endoplasm (D:2)
  2 giant cockroaches (D:1)
  4 hobgoblins
  2 jackals (D:2)
  2 quokkas (D:1)
  4 ball pythons
  2 bats (D:1)
  2 frilled lizards
  3 goblins
  2 kobolds (D:1)
  4 rats (D:1)
35 creatures vanquished.

Notes
Turn   | Place    | Note
-------+----------+-------------------------------------------
     0 | D:1      | qw the Gargoyle Hunter began the quest for the Orb.
     0 | D:1      | Reached XP level 1. HP: 12/12 MP: 1/1
     0 | D:1      | 0 ||| qw: Version: 0.3-a-83-gcd0e7d8
     0 | D:1      | 0 ||| qw: Game counter: 1489
     0 | D:1      | 0 ||| qw: Melee chars always use a shield: true
     0 | D:1      | 0 ||| qw: God list: Okawaru
     0 | D:1      | 0 ||| qw: Allow faded altars: false
     0 | D:1      | 0 ||| qw: Do Orc after clearing Dungeon:15 true
     0 | D:1      | 0 ||| qw: Do second Lair branch before Depths: true
     0 | D:1      | 0 ||| qw: Lair rune preference: random
     0 | D:1      | 0 ||| qw: Goals: Normal
     0 | D:1      | 0 ||| PLANNING D:1-11
   152 | D:1      | Reached XP level 2. HP: 17/17 MP: 2/2
   380 | D:1      | Found Waofib's Assorted Antiques.
   389 | D:1      | 389 ||| SHOPLISTING fuming green potion (23 gold, have 16).
   389 | D:1      | 389 ||| SHOPLISTING golden ring (130 gold, have 16).
   389 | D:1      | 389 ||| SHOPLISTING lumpy cameo amulet (130 gold, have 16).
   389 | D:1      | 389 ||| SHOPLISTING runed golden ring (130 gold, have 16).
   389 | D:1      | 389 ||| SHOPLISTING scroll labelled NEHEGA CONK (26 gold,
                  | have 16).
   389 | D:1      | 389 ||| SHOPLISTING scroll labelled VUIDOSTR PEQEJE (26
                  | gold, have 16).
   483 | D:1      | 483 ||| UPGRADING to +0 helmet.
   488 | D:1      | 488 ||| READING 2 scrolls labelled VUIDOSTR PEQEJE.
   489 | D:1      | 489 ||| DROPPING scroll of butterflies.
   529 | D:2      | 529 ||| STAIRDANCE
   537 | D:1      | Reached skill level 5 in Ranged Weapons
   537 | D:1      | Reached XP level 3. HP: 20/21 MP: 3/3
   762 | D:2      | Reached skill level 3 in Fighting
   762 | D:2      | Reached XP level 4. HP: 28/28 MP: 4/4
   778 | D:2      | HP: 2/28 [gnoll/+0 halberd (10)]
   779 | D:2      | Slain by a gnoll

Levels and vault maps discovered:
D:1:      onia_arrival_pyramid, layout_basic, serial_shops, shop
D:2:      layout_loops_ring, hellmonk_ecumenical_altar_inner_sanctum,
          kennysheep_generic_room_14

Skill      XL: |  1  2  3 |
---------------+----------+-----
Ranged Weapons | 5 |  5.3
Fighting       | 3 |  3.2
Dodging        | |  1.5
Stealth        | |  1.1

Action                     |  1- 3 |  4- 6 || total
---------------------------+-------+-------++-------
   Fire: Shortbow          |   132 |    16 ||   148
    Use: Scroll            |     1 |       ||     1
 Armour: Leather armour    |    62 |     7 ||    69
  Dodge: Dodged            |    65 |     2 ||    67

Table legend:
 A = Non-vault XP
 B = Vault XP
 C = Vault XP percentage of total XP
 D = Non-vault monster count
 E = Vault monster count
 F = Vault count percentage of total count
                 A         B        C        D         E       F
            +---------+---------+-------+---------+---------+-------
      Total |     118 |       0 |   0.0 |      35 |       0 |   0.0
            +---------+---------+-------+---------+---------+-------
        D:1 |      44 |       0 |   0.0 |      22 |       0 |   0.0
        D:2 |      74 |       0 |   0.0 |      13 |       0 |   0.0
            +---------+---------+-------+---------+---------+-------
